[Event "*** Titled Tuesday Blitz"]
[Site "Chess.com"]
[Date "2020.12.29"]
[Round "8"]
[White "frenchpin"]
[Black "carloseduar100"]
[Result "1-0"]
[WhiteElo "2467"]
[BlackElo "2125"]
[TimeControl "180+1"]
[EndTime "11:25:03 PST"]
[Termination "frenchpin won by resignation"]

1. e4 e6 2. d4 d5 3. Nd2 c5 4.
exd5 Qxd5 5. Ngf3 cxd4 6. Bc4 Qd7 7. O-O Nc6 8. Nb3 Nf6 9. Nbxd4 Nxd4 10. Nxd4 a6 11. Bg5 Be7 12. c3 Qc7 13. Qe2 O-O 14.
Rfe1 Kh8 15. Rad1 Bd7 16. Bb3 Rad8 17. Bc2 Bc6 18. Rd3 Be4 19. Bxf6 Bxd3 20. Qxd3 1-0

[Event "*** Titled Tuesday Blitz"]
[Site "Chess.com"]
[Date "2020.12.29"]
[Round "8"]
[White "AsaHoffmann"]
[Black "Efremov_Vlad"]
[Result "1/2-1/2"]
[WhiteElo "2353"]
[BlackElo "2274"]
[TimeControl "180+1"]
[EndTime "11:25:07 PST"]
[Termination "Game drawn by agreement"]

1. d4 d5 2. Bg5 Nf6 3. Nd2 c5 4.
e3 Ne4 5. Nxe4 dxe4 6. dxc5 Qa5+ 7. c3 Qxc5 8. Bh4 e6 9. Qd4 Qxd4 10. exd4 Be7 11.
Bg3 Nc6 12. Bb5 Bd7 13. Ne2 f5 14. h4 a6 15. Bxc6 Bxc6 16. Be5 Kf7 17. Nf4 Bf6 18.
O-O-O Bxe5 19. dxe5 Rhd8 20. c4 b6 21. Rxd8 Rxd8 22. Rd1 Rxd1+ 23. Kxd1 g6 24. Kd2 h6 25. Ke3 g5 26. hxg5 hxg5 27. Ne2 f4+ 28. Kd4 Kg6 29. Nc3 e3 30. fxe3 Bxg2 31. exf4 gxf4 32. b4 Kf5 33. c5 bxc5+ 34. bxc5 Bc6 35. Nd1 f3 36. Nf2 Kf4 37. a3 Bd5 1/2-1/2

[Event "*** Titled Tuesday Blitz"]
[Site "Chess.com"]
[Date "2020.12.29"]
[Round "8"]
[White "Borsuk_Konstantin"]
[Black "Jumbo"]
[Result "1-0"]
[WhiteElo "2671"]
[BlackElo "2815"]
[TimeControl "180+1"]
[EndTime "11:25:08 PST"]
[Termination "Borsuk_Konstantin won by resignation"]

1. d4 Nf6 2. c4 e6 3. Nc3 Bb4 4. Qc2 Nc6 5. Nf3 O-O 6. a3 Bxc3+ 7. Qxc3 a5 8. g3 d6 9. Bg2 a4 10. O-O Qe7 11. h3 h6 12. Be3 e5 13. dxe5 dxe5 14. Nd2 Bf5 15. Kh2 Rfd8 16. Rfe1 Nd4 17. Bxd4 exd4 18.
Qf3 Be6 19. e4 Nd7 20. Qh5 Nc5 21. f4 Nd3 22. Rf1 f6 23. Rab1 b6 24. e5 f5 25.
Bxa8 Rxa8 26. Qf3 1-0

[Event "*** Titled Tuesday Blitz"]
[Site "Chess.com"]
[Date "2020.12.29"]
[Round "8"]
[White "orestn"]
[Black "Natalya_Buksa"]
[Result "0-1"]
[WhiteElo "2354"]
[BlackElo "2549"]
[TimeControl "180+1"]
[EndTime "11:25:10 PST"]
[Termination "Natalya_Buksa won by resignation"]

1. e4 c5 2. Nf3 Nc6 3. d4 cxd4 4. Nxd4 Nf6 5. Nc3 e5 6. Ndb5 d6 7. Nd5 Nxd5 8. exd5 Nb8 9. a4 Be7 10. b4 O-O 11. a5 Nd7 12. c4 f5 13. Be2 a6 14.
Nc3 Bf6 15. Qb3 e4 16. Ra3 Ne5 17. Na4 Bg5 18. Bb2 Qe8 19. Nb6 Rb8 20. c5 Nd3+ 21. Kf1 Nxb2 22. Qxb2 Bf6 23. Qc2 Be5 24. c6 bxc6 25.
dxc6 Be6 26. c7 Ra8 27. Bc4 d5 28. Bxd5 Bxd5 29. Nxd5 Qb5+ 0-1

[Event "*** Titled Tuesday Blitz"]
[Site "Chess.com"]
[Date "2020.12.29"]
[Round "8"]
[White "Deepweb2020"]
[Black "rachidhuilda"]
[Result "1-0"]
[WhiteElo "2355"]
[BlackElo "2222"]
[TimeControl "180+1"]
[EndTime "11:25:11 PST"]
[Termination "Deepweb2020 won by resignation"]

1. d4 Nf6 2. c4 c5 3. Nf3 cxd4 4. Nxd4 d5 5. cxd5 Nxd5 6. e4 Nb6 7. Bb5+ Bd7 8. Qb3 e5 9. Nf5 g6 10. Ne3 Bg7 11.
Nc3 O-O 12. O-O Bxb5 13. Nxb5 Nc6 14. Rd1 Nd4 15. Nxd4 exd4 16. Nc4 Nxc4 17. Qxc4 Rc8 18. Qb5 Qb6 19. Qa4 Rfe8 20. f3 d3+ 21. Kh1 Rc2 22. Qxe8+ 1-0

[Event "*** Titled Tuesday Blitz"]
[Site "Chess.com"]
[Date "2020.12.29"]
[Round "8"]
[White "Matveev_Vladimir"]
[Black "Alexander_Zubov"]
[Result "0-1"]
[WhiteElo "2700"]
[BlackElo "2920"]
[TimeControl "180+1"]
[EndTime "11:25:15 PST"]
[Termination "Alexander_Zubov won by resignation"]

1. d4 Nf6 2. c4 g6 3. Nc3 d5 4. cxd5 Nxd5 5. e4 Nxc3 6. bxc3 Bg7 7. Bg5 c5 8. Rc1 O-O 9. Nf3 Bg4 10. d5 Qd6 11.
Be2 Nd7 12. O-O Bxf3 13. Bxf3 c4 14. Qa4 Ne5 15. Be2 Rfc8 16. Rfd1 a6 17. f4 Nd3 18.
Bxd3 cxd3 19. Rxd3 f6 20. Bxf6 exf6 21. g3 b5 22. Qd1 Rc4 23. Re3 Rac8 24. Qd3 b4 0-1

[Event "*** Titled Tuesday Blitz"]
[Site "Chess.com"]
[Date "2020.12.29"]
[Round "8"]
[White "ClydeHillKid"]
[Black "IrishMonkey"]
[Result "0-1"]
[WhiteElo "2380"]
[BlackElo "2631"]
[TimeControl "180+1"]
[EndTime "11:25:18 PST"]
[Termination "IrishMonkey won by resignation"]

1. e4 c5 2. Nf3 d6 3. d4 cxd4 4. Nxd4 Nf6 5. Nc3 e6 6. Be3 Nc6 7. Bd3 Be7 8. O-O O-O 9. Nxc6 bxc6 10. f4 d5 11. e5 Nd7 12. Ne2 Rb8 13. b3 c5 14. c3 g6 15. Ng3 f6 16. Qg4 f5 17.
Qe2 Bb7 18. Nh1 Nb6 19. Nf2 d4 20. cxd4 cxd4 21. Bd2 Qd7 22. Rfc1 Ba3 23. Rc2 Rfc8 24. Bc1 Rxc2 25. Qxc2 Rc8 26. Qd2 Qc6 27. Be4 fxe4 28. Bxa3 e3 0-1

[Event "*** Titled Tuesday Blitz"]
[Site "Chess.com"]
[Date "2020.12.29"]
[Round "8"]
[White "juancruzarias"]
[Black "kirillshevchenko"]
[Result "0-1"]
[WhiteElo "2562"]
[BlackElo "2868"]
[TimeControl "180+1"]
[EndTime "11:25:21 PST"]
[Termination "kirillshevchenko won by resignation"]

1. e4 e5 2. Nc3 Nf6 3. Nf3 Bc5 4.
Bc4 d6 5. d3 h6 6. h3 a6 7. a3 Nc6 8. Qe2 Be6 9. Bxe6 fxe6 10.
Be3 Nd4 11. Bxd4 exd4 12. Nb1 e5 13. Nbd2 O-O 14. g3 Qd7 15. Nh4 Kh7 16. Nf5 Rae8 17. O-O-O b5 18. g4 g6 19. Ng3 b4 20. axb4 Bxb4 21. Nc4 Qa4 22. Kb1 Rb8 23. b3 Bc3 24. Nb2 Qa3 0-1

[Event "*** Titled Tuesday Blitz"]
[Site "Chess.com"]
[Date "2020.12.29"]
[Round "8"]
[White "chessuriel"]
[Black "omer1997"]
[Result "1-0"]
[WhiteElo "2239"]
[BlackElo "2333"]
[TimeControl "180+1"]
[EndTime "11:25:25 PST"]
[Termination "chessuriel won on time"]

1. e4 e5 2. Nf3 Nf6 3. Nxe5 d6 4. Nf3 Nxe4 5. Nc3 Nxc3 6. dxc3 Nc6 7. Bf4 Be7 8. Qd2 Be6 9. O-O-O Qd7 10. Ng5 O-O-O 11.
Nxe6 fxe6 12. Bb5 a6 13. Ba4 Kb8 14. Rhe1 Bf6 15. Qd3 h6 16. Kb1 Rhe8 17. Bg3 1-0

[Event "*** Titled Tuesday Blitz"]
[Site "Chess.com"]
[Date "2020.12.29"]
[Round "8"]
[White "Koksal06"]
[Black "chescomhuynya"]
[Result "1-0"]
[WhiteElo "2463"]
[BlackElo "2572"]
[TimeControl "180+1"]
[EndTime "11:25:38 PST"]
[Termination "Koksal06 won by resignation"]

1. d4 Nf6 2. c4 g6 3. Nc3 d5 4. Nf3 Bg7 5. Bg5 Ne4 6. cxd5 Nxg5 7. Nxg5 e6 8. Nf3 exd5 9. b4 O-O 10. e3 c6 11. Be2 Be6 12. O-O Nd7 13. Rc1 b5 14. a4 a6 15. a5 Rc8 16. Ne1 f5 17. Nd3 Nf6 18. Nc5 Bd7 19. Nxa6 Ne8 20. Nc5 Nd6 21. g3 Ne4 22. N3xe4 fxe4 23. Bg4 Bxg4 24. Qxg4 Re8 25. a6 Ra8 26. Ra1 Qd6 27. Rfc1 Re7 28. Ra3 Rea7 29.
Rac3 Rc7 30. Nb7 Qf6 31. Nc5 Re7 32. Qf4 Qxf4 33. gxf4 Bf8 34. Nb3 Rxa6 35. Rxc6 Rea7 36. Rxa6 Rxa6 37. Nc5 Ra2 38. Ne6 Bxb4 39. Rb1 Ra4 40. Nc7 Bd6 41. Nxb5 Ra5 42. Nxd6 1-0

[Event "*** Titled Tuesday Blitz"]
[Site "Chess.com"]
[Date "2020.12.29"]
[Round "8"]
[White "ChessWarrior7197"]
[Black "Arseniy_Nesterov"]
[Result "1-0"]
[WhiteElo "2922"]
[BlackElo "2785"]
[TimeControl "180+1"]
[EndTime "11:25:43 PST"]
[Termination "ChessWarrior7197 won by resignation"]

1. c4 e5 2. Nc3 Bb4 3. Nd5 Bc5 4.
b4 Bf8 5. a3 c6 6. Nc3 Nf6 7.
d4 exd4 8. Qxd4 a5 9. b5 d5 10. cxd5 cxd5 11. g3 Be6 12. Nh3 Nbd7 13. Bg2 Bc5 14. Qd1 O-O 15. O-O Nb6 16. Nf4 Rc8 17. Na4 Nxa4 18. Qxa4 b6 19. Bb2 Qe7 20. Rac1 Rfd8 21.
Rfd1 h6 22. Nd3 Bg4 23. Bxf6 Qxf6 24. Qxg4 1-0

[Event "*** Titled Tuesday Blitz"]
[Site "Chess.com"]
[Date "2020.12.29"]
[Round "8"]
[White "NaciSAN"]
[Black "Spriteball"]
[Result "0-1"]
[WhiteElo "2167"]
[BlackElo "2327"]
[TimeControl "180+1"]
[EndTime "11:25:43 PST"]
[Termination "Spriteball won by resignation"]

1. e4 c5 2. Nf3 d6 3. Bb5+ Nd7 4. O-O a6 5. Bd3 Ngf6 6. c3 g6 7. Bc2 Bg7 8. d4 cxd4 9. cxd4 O-O 10. Nc3 b5 11. a3 Bb7 12. Re1 e5 13. h3 Rc8 14. Bg5 h6 15. Bh4 exd4 16. Nxd4 Ne5 17.
Bb3 Nc4 18. Bxc4 Rxc4 19. Nde2 g5 20. Bg3 Nxe4 21. Nxe4 Rxe4 22. Bxd6 Rfe8 23. Rc1 R4e6 24. Bg3 Qxd1 25. Rexd1 Rxe2 26. Rd7 Be4 27. Rcc7 Bg6 28. b4 Ra2 0-1

[Event "*** Titled Tuesday Blitz"]
[Site "Chess.com"]
[Date "2020.12.29"]
[Round "8"]
[White "Nemsko"]
[Black "ZatonskihAnna"]
[Result "0-1"]
[WhiteElo "2323"]
[BlackElo "2491"]
[TimeControl "180+1"]
[EndTime "11:25:46 PST"]
[Termination "ZatonskihAnna won by resignation"]

1. e4 d5 2. exd5 Qxd5 3. Nc3 Qd6 4. Bc4 Nf6 5. d3 c6 6. Be3 Be6 7. Bxe6 Qxe6 8. Qe2 Qd7 9. O-O-O e6 10. Kb1 Be7 11. f3 Qc7 12. g4 Nbd7 13. h4 Nd5 14. Nxd5 cxd5 15. d4 Nb6 16. Qb5+ Qd7 17. Qxd7+ Kxd7 18.
Ne2 h5 19. g5 Nc4 20. Bf4 Rac8 21. c3 Rc6 22. b3 Nd6 23. Kb2 Rhc8 24. Rc1 Nb5 25.
b4 Bd6 26. Bd2 Bb8 27. f4 Nd6 28. Ng3 Nc4+ 29. Kc2 Nxd2 30. Kxd2 Bxf4+ 0-1

[Event "*** Titled Tuesday Blitz"]
[Site "Chess.com"]
[Date "2020.12.29"]
[Round "8"]
[White "Kolle05"]
[Black "Iskusnyh"]
[Result "0-1"]
[WhiteElo "2387"]
[BlackElo "2566"]
[TimeControl "180+1"]
[EndTime "11:25:54 PST"]
[Termination "Iskusnyh won by checkmate"]

1. e4 e6 2. d4 d5 3. Nd2 c5 4. Ngf3 Nc6 5. exd5 exd5 6. dxc5 Bxc5 7. Bd3 Nf6 8. O-O O-O 9. Nb3 Bb6 10. h3 Ne4 11.
c3 Qf6 12. a4 a6 13. Nfd4 Bd7 14. Be3 Bc7 15. Qf3 Qd6 16. g3 Ne5 17. Bxe4 Nxf3+ 18. Bxf3 Bxh3 19. Rfd1 Qg6 20. Kh2 Bg4 21. Kg2 Rfe8 22. Re1 h5 23. Bxd5 h4 24. Rh1 hxg3 25. f3 Rxe3 26.
fxg4 Rae8 27. Bf3 Rxf3 28. Kxf3 Qe4# 0-1

[Event "*** Titled Tuesday Blitz"]
[Site "Chess.com"]
[Date "2020.12.29"]
[Round "8"]
[White "juli2512"]
[Black "Kaslask"]
[Result "0-1"]
[WhiteElo "2110"]
[BlackElo "2276"]
[TimeControl "180+1"]
[EndTime "11:25:54 PST"]
[Termination "Kaslask won by resignation"]

1. e4 c5 2. Nc3 Nc6 3. g3 g6 4. Bg2 Bg7 5. d3 e5 6. f4 exf4 7. Bxf4 d6 8. Nf3 h6 9. Qd2 Nge7 10. O-O Nd4 11. Kh1 Bg4 12. Nxd4 cxd4 13. Nd1 Nc6 14. Nf2 Be6 15. Qe2 Qd7 16. a3 h5 17. Rae1 h4 18.
g4 h3 19. Bxh3 Ne5 20. Rg1 O-O-O 21. Bg2 Qe7 22. c3 dxc3 23. bxc3 Qh4 24. d4 Bxg4 25. Qd3 Nxd3 0-1

[Event "*** Titled Tuesday Blitz"]
[Site "Chess.com"]
[Date "2020.12.29"]
[Round "8"]
[White "Vuk2000"]
[Black "BAS8892"]
[Result "1-0"]
[WhiteElo "2822"]
[BlackElo "2639"]
[TimeControl "180+1"]
[EndTime "11:25:57 PST"]
[Termination "Vuk2000 won by resignation"]

1. d4 d5 2. Bf4 Nf6 3. e3 e6 4. Nd2 Bd6 5. Bg3 O-O 6. Ngf3 c5 7. c3 Qc7 8. dxc5 Qxc5 9. Bd3 Bxg3 10. hxg3 Nc6 11. e4 e5 12. exd5 Qxd5 13. Qe2 Rd8 14. Bc4 Qc5 15. Ng5 Rd7 16. Nde4 Qe7 17. Nxf7 Kf8 18.
Nfg5 h6 19. Nxf6 gxf6 20. Rxh6 fxg5 21. Rh8+ Kg7 22. Qh5 Kf6 23. Qh6+ Kf5 24. g4+ Kf4 25. Qh2+ Ke4 26. f3+ Ke3 27. Qg1+ Kf4 28. g3+ Kxf3 29. Be2+ Ke4 30. Qg2+ 1-0

[Event "*** Titled Tuesday Blitz"]
[Site "Chess.com"]
[Date "2020.12.29"]
[Round "8"]
[White "szabadaba"]
[Black "TomasKapitanchuk"]
[Result "0-1"]
[WhiteElo "2581"]
[BlackElo "2476"]
[TimeControl "180+1"]
[EndTime "11:26:03 PST"]
[Termination "TomasKapitanchuk won by resignation"]

1. e4 c5 2. Nc3 Nc6 3. g3 g6 4. Bg2 Bg7 5. d3 Rb8 6. f4 b5 7. Nf3 b4 8. Ne2 e6 9. O-O Nge7 10. Rb1 d6 11. Be3 O-O 12. Qd2 a5 13. Nh4 f5 14.
exf5 gxf5 15. Bf2 Bb7 16. Rfe1 Qd7 17. Nf3 Na7 18. d4 c4 19. d5 Bxd5 20. Ned4 Rfe8 21.
Ng5 Bxg2 22. Kxg2 e5 23. Ndf3 e4 24. Nh4 Nac6 25. Rbd1 d5 26. Qe2 Bxb2 27. Qxc4 Bc3 28. Rf1 Rbd8 29. Qb5 Ne5 30. Qxa5 Ng4 31. Bc5 Nc6 32.
Qb5 h6 33. Nh3 d4 34. Kh1 Qd5 0-1

[Event "*** Titled Tuesday Blitz"]
[Site "Chess.com"]
[Date "2020.12.29"]
[Round "8"]
[White "hansen"]
[Black "gahryman"]
[Result "1-0"]
[WhiteElo "2894"]
[BlackElo "2681"]
[TimeControl "180+1"]
[EndTime "11:26:06 PST"]
[Termination "hansen won by resignation"]

1. e4 c5 2. Nf3 e6 3. d4 cxd4 4. Nxd4 Nc6 5. Nc3 Qc7 6. Be3 a6 7. Qf3 d6 8. O-O-O Bd7 9. Qg3 Nf6 10. f4 Rc8 11. Kb1 b6 12. Bxa6 Ra8 13. Be2 h5 14. Ndb5 Qb8 15. e5 dxe5 16. fxe5 Ng4 17.
Bf4 Bc5 18. Bxg4 hxg4 19. Qxg4 Nxe5 20. Qxg7 Rh5 21. g4 Bf8 22. Qg8 1-0

[Event "*** Titled Tuesday Blitz"]
[Site "Chess.com"]
[Date "2020.12.29"]
[Round "8"]
[White "jcibarra"]
[Black "sergiochess83"]
[Result "1/2-1/2"]
[WhiteElo "2897"]
[BlackElo "2813"]
[TimeControl "180+1"]
[EndTime "11:26:08 PST"]
[Termination "Game drawn by agreement"]

1. Nf3 d5 2. g3 g6 3. Bg2 Bg7 4.
c4 dxc4 5. Qa4+ Nc6 6. O-O e5 7.
Nxe5 Bxe5 8. Bxc6+ bxc6 9. Qxc6+ Bd7 10. Qe4 f6 11. f4 Bf5 12. Qc6+ Bd7 13. Qe4 Bf5 14.
Qe3 Qd4 15. fxe5 Qxe3+ 16. dxe3 fxe5 17. Na3 c3 18. bxc3 Ne7 19. Nc4 Nc6 20. e4 Bxe4 21. Bg5 Rf8 22. Rxf8+ Kxf8 23. Rf1+ Ke8 24. Bf6 Bd5 25.
Nxe5 Nxe5 26. Bxe5 Bxa2 27. Bxc7 a5 28. Bd6 Kd7 29.
Rf8 Rxf8 30. Bxf8 1/2-1/2

[Event "*** Titled Tuesday Blitz"]
[Site "Chess.com"]
[Date "2020.12.29"]
[Round "8"]
[White "Babujj"]
[Black "ljuks68"]
[Result "1-0"]
[WhiteElo "2535"]
[BlackElo "2379"]
[TimeControl "180+1"]
[EndTime "11:26:09 PST"]
[Termination "Babujj won by checkmate"]

1. e4 e6 2. d4 d5 3. e5 c5 4. c3 Nc6 5. Nf3 Qb6 6. Bd3 cxd4 7.
cxd4 Bd7 8. O-O Nxd4 9. Nbd2 Ne7 10. Nxd4 Qxd4 11. Nf3 Qb6 12. Be3 Qd8 13. Bc5 Rc8 14. Rc1 Ng6 15. Bxf8 Nxf8 16. Qb3 Bc6 17. Qa3 a6 18.
Nd4 Qe7 19. b4 Nd7 20. Nxc6 Rxc6 21. Rxc6 bxc6 22. Bxa6 Nxe5 23. Qc3 Qd6 24. f4 Ng6 25. b5 d4 26. Qxc6+ Qxc6 27. bxc6 Kd8 28. Bb7 Kc7 29. a4 Ne7 30. a5 Nxc6 31. a6 Na7 32. Rc1+ Kb6 33.
Kf2 Rd8 34. Ke2 f6 35. Kd3 Rd6 36. Rb1+ Ka5 37. Kc4 e5 38. Kc5 Rd8 39. Ra1# 1-0

[Event "*** Titled Tuesday Blitz"]
[Site "Chess.com"]
[Date "2020.12.29"]
[Round "8"]
[White "KubaGepard"]
[Black "KetiGrant"]
[Result "0-1"]
[WhiteElo "2282"]
[BlackElo "2439"]
[TimeControl "180+1"]
[EndTime "11:26:09 PST"]
[Termination "KetiGrant won by resignation"]

1. e4 c5 2. Nf3 Nc6 3. Nc3 e5 4. Bc4 Be7 5. d3 Nf6 6. O-O O-O 7.
a3 d6 8. Ne2 Be6 9. b3 d5 10.
exd5 Nxd5 11. Bb2 f6 12. Ng3 Qd7 13. Re1 a6 14. a4 Na5 15. Nh4 Nxc4 16. dxc4 Nb4 17.
Qe2 Bg4 18. f3 Be6 19. Rad1 Qc8 20. c3 Nc6 21. f4 Bg4 22. Nf3 exf4 23. Ne4 Re8 24.
Qf2 Ne5 25. Rd5 Bxf3 26. gxf3 Qh3 27. Nd2 Rad8 28. Qg2 Qh5 29. Rf1 Rxd5 30. cxd5 Nd3 31. Ne4 Nxb2 32. Qxb2 Qxd5 33. c4 Qd3 34. Rf2 f5 35.
Nd2 Bf6 36. Qc1 Bd4 0-1

[Event "*** Titled Tuesday Blitz"]
[Site "Chess.com"]
[Date "2020.12.29"]
[Round "8"]
[White "zverr1"]
[Black "Andrakhanova"]
[Result "0-1"]
[WhiteElo "2421"]
[BlackElo "2256"]
[TimeControl "180+1"]
[EndTime "11:26:17 PST"]
[Termination "Andrakhanova won by resignation"]

1. e4 c5 2. d4 cxd4 3. c3 d3 4. c4 e6 5. Nc3 Nc6 6. Bxd3 Bb4 7. Ne2 Nge7 8. O-O Ne5 9. Be3 O-O 10. a3 Ba5 11. b4 Bc7 12. f4 Nxd3 13. Qxd3 f5 14.
Rad1 fxe4 15. Qxe4 Nf5 16. Nd4 Nxe3 17. Qxe3 Qh4 18. g3 Qh6 19. Ndb5 Bb8 20. Ne4 e5 21. Ned6 a6 22. fxe5 Qxe3+ 23. Kg2 Rxf1 24. Rxf1 axb5 25. Nxc8 Bxe5 26. Ne7+ Kh8 27. Nd5 Qe4+ 28. Kh3 bxc4 29. Nb6 Re8 30. Rf7 Qg6 31. Rxd7 Qxb6 32. g4 Qh6+ 33.
Kg2 Qxh2+ 34. Kf3 Qf4+ 35. Kg2 Qxg4+ 36. Kf2 Qxd7 37. Ke3 Qd4+ 38. Ke2 Rf8 39. b5 Rf2+ 0-1

[Event "*** Titled Tuesday Blitz"]
[Site "Chess.com"]
[Date "2020.12.29"]
[Round "8"]
[White "MokshanovAlexey"]
[Black "elamier"]
[Result "1-0"]
[WhiteElo "2642"]
[BlackElo "2432"]
[TimeControl "180+1"]
[EndTime "11:26:19 PST"]
[Termination "MokshanovAlexey won by resignation"]

1. e4 c5 2. Nf3 Nc6 3. Bb5 g6 4. Bxc6 dxc6 5. O-O Bg7 6. h3 Nf6 7. Nc3 Nd7 8. d3 e5 9. a3 O-O 10. b4 Re8 11. Be3 cxb4 12. axb4 b6 13. b5 c5 14. Nd5 Bb7 15. c4 Nf8 16. Ra4 Ne6 17. Qa1 Nf4 18.
Bxf4 exf4 19. Qa2 Bxd5 20. cxd5 Qd7 21. Qb3 h6 22. Re1 g5 23. e5 Qf5 24. Rae4 h5 25.
e6 fxe6 26. dxe6 Kh8 27. Re5 Bxe5 28. Rxe5 Qf6 29. Rxg5 Rxe6 30. Rxh5+ Kg7 31. Qd5 Rae8 32. Rg5+ Kf8 33. Rf5 Kg7 34. Rxf6 Kxf6 1-0

[Event "*** Titled Tuesday Blitz"]
[Site "Chess.com"]
[Date "2020.12.29"]
[Round "8"]
[White "swimmerchess"]
[Black "Leonid_Starozhilov"]
[Result "1-0"]
[WhiteElo "2806"]
[BlackElo "2634"]
[TimeControl "180+1"]
[EndTime "11:26:20 PST"]
[Termination "swimmerchess won by resignation"]

1. d4 Nf6 2. c4 g6 3. Nc3 d6 4. Nf3 Bg7 5. Bg5 Bg4 6. e3 O-O 7.
Be2 Nc6 8. O-O h6 9. Bh4 g5 10. Bg3 Nh5 11. Nd2 Nxg3 12. fxg3 Bd7 13. g4 e6 14. Rb1 Ne7 15. Bd3 c5 16. dxc5 dxc5 17. Nde4 Qc7 18. Nf6+ Bxf6 19. Rxf6 Qe5 20. Rxh6 Qxe3+ 21.
Kh1 Bc6 22. Qf1 Qf4 23. Qe2 Rad8 24. Rf1 Qd4 25. Bb1 Qd2 26. Ne4 f5 27. Nxd2 1-0

[Event "*** Titled Tuesday Blitz"]
[Site "Chess.com"]
[Date "2020.12.29"]
[Round "8"]
[White "FontVella8"]
[Black "francyIM"]
[Result "1-0"]
[WhiteElo "2542"]
[BlackElo "2683"]
[TimeControl "180+1"]
[EndTime "11:26:20 PST"]
[Termination "FontVella8 won by resignation"]

1. e4 d6 2. d4 Nf6 3. Nc3 e5 4. Nf3 Nbd7 5. Bc4 Be7 6. O-O O-O 7. Re1 a6 8. a4 b6 9. h3 Bb7 10. Bg5 h6 11. Bxf6 Bxf6 12. Bd5 c6 13. Bb3 exd4 14.
Nxd4 g6 15. Qd2 Bg7 16. Rad1 Nc5 17. Ba2 b5 18. b4 Nxa4 19. Nxa4 bxa4 20. Nf3 a5 21. e5 d5 22. e6 fxe6 23. Rxe6 Rf6 24. Rde1 Rxe6 25. Rxe6 Qd7 26. Rxg6 Qf5 27. Qxh6 Qd7 28.
Ng5 Re8 29. Qh7+ Kf8 30. Rf6+ Bxf6 31. Qxd7 Re1+ 32. Kh2 Re7 33. Qf5 Kg7 34. bxa5 1-0

[Event "*** Titled Tuesday Blitz"]
[Site "Chess.com"]
[Date "2020.12.29"]
[Round "8"]
[White "Bodnar_Mykola"]
[Black "Logman74"]
[Result "1-0"]
[WhiteElo "2552"]
[BlackElo "2382"]
[TimeControl "180+1"]
[EndTime "11:26:23 PST"]
[Termination "Bodnar_Mykola won on time"]

1. e4 c5 2. Nf3 d6 3. d4 cxd4 4.
Nxd4 Nf6 5. Nc3 a6 6. Bg5 e6 7. f4 Qc7 8. Qf3 Nbd7 9. O-O-O b5 10. f5 e5 11. Nb3 Bb7 12. Kb1 b4 13. Nd5 Bxd5 14. exd5 a5 15. Bb5 a4 16. Nd2 Be7 17. Bxf6 Bxf6 18. Ne4 Ke7 19. g4 h6 20. h4 Rhc8 21. Bc6 b3 22. g5 bxc2+ 23. Kxc2 Rab8 24. gxf6+ gxf6 25. Kb1 Qb6 26. Rh2 Nc5 27. Nxc5 Qxc5 28. Rc2 Qa5 29. Rdc1 Rb4 30. Bxa4 Rxc2 31. Bxc2 Rxh4 32.
Qb3 1-0

[Event "*** Titled Tuesday Blitz"]
[Site "Chess.com"]
[Date "2020.12.29"]
[Round "8"]
[White "Kildepiotr"]
[Black "ErikRonka"]
[Result "1-0"]
[WhiteElo "2619"]
[BlackElo "2375"]
[TimeControl "180+1"]
[EndTime "11:26:23 PST"]
[Termination "Kildepiotr won by resignation"]

1. Nf3 d5 2. g3 c6 3. Bg2 Bg4 4. O-O Nd7 5. d3 e5 6. Nbd2 Ngf6 7. e4 dxe4 8. dxe4 Bc5 9. h3 Bh5 10. Qe1 O-O 11. Nb3 Bb6 12. a4 a5 13. Nh4 Bc7 14. Nf5 Re8 15. g4 Bg6 16. Ng3 b5 17. Qe2 b4 18. h4 h6 19. h5 Bh7 20. g5 hxg5 21. Bxg5 Qc8 22. Bh3 Qb7 23. Rad1 Bb6 24. h6 gxh6 25.
Bxh6 Nf8 26. Qf3 N6d7 27. Nh5 f5 28. Bxf5 Nc5 29. Nxc5 Bxc5 30. Qg4+ Kh8 31. Bg7+ 1-0

[Event "*** Titled Tuesday Blitz"]
[Site "Chess.com"]
[Date "2020.12.29"]
[Round "8"]
[White "MuhittinBuker"]
[Black "CraiggoryC"]
[Result "1-0"]
[WhiteElo "2126"]
[BlackElo "2188"]
[TimeControl "180+1"]
[EndTime "11:26:25 PST"]
[Termination "MuhittinBuker won by checkmate"]

1. d4 Nf6 2. c4 g6 3. Nc3 Bg7 4. e4 O-O 5. Nf3 c5 6. d5 d6 7. Be2 e6 8. O-O exd5 9. cxd5 a6 10. a4 Re8 11. h3 Nxe4 12. Nxe4 Rxe4 13. Bg5 Bf6 14. Bd3 Re8 15. Bh6 Nd7 16. Re1 Ne5 17. Nxe5 Rxe5 18. Rxe5 Bxe5 19. Qe2 Bd7 20. Re1 Bxa4 21.
Kh1 Bg7 22. Bf4 Qf6 23. Qg4 h5 24. Qg3 Qxb2 25. Bxd6 Qc3 26. Re7 Re8 27. Rxf7 Qa1+ 28. Kh2 Kxf7 29. Qxg6+ Kg8 30. Qxe8+ Bf8 31. Qxf8# 1-0

[Event "*** Titled Tuesday Blitz"]
[Site "Chess.com"]
[Date "2020.12.29"]
[Round "8"]
[White "MillyNeuf"]
[Black "AdarshIsMe"]
[Result "1-0"]
[WhiteElo "2334"]
[BlackElo "2195"]
[TimeControl "180+1"]
[EndTime "11:26:26 PST"]
[Termination "MillyNeuf won by resignation"]

1. e4 c5 2. Nc3 g6 3. g3 Bg7 4. Bg2 Nc6 5. d3 d6 6. Be3 e5 7.
Qd2 Nge7 8. Nge2 O-O 9. Bh6 Bxh6 10. Qxh6 f6 11. h4 Nd4 12. Nxd4 cxd4 13. Ne2 Qa5+ 14.
Qd2 Qxd2+ 15. Kxd2 Be6 16. c3 dxc3+ 17. bxc3 Nc6 18.
Rhb1 Na5 19. Rb4 Rac8 20. c4 Rc5 21. Rab1 Rfc8 22. Nc3 b6 23. Bf3 Nc6 24. R4b2 Nd4 25. Bd1 Ra5 26. Bb3 Kf7 27. Ne2 Nxe2 28. Kxe2 Ra3 29.
Ke3 Rc5 30. f4 Rca5 31. h5 gxh5 32. f5 Bd7 33. Rh1 Ba4 34. Rxh5 Bxb3 35. axb3 Kg7 36.
Rbh2 Rxb3 37. Rxh7+ Kg8 38. Rh8+ 1-0

[Event "*** Titled Tuesday Blitz"]
[Site "Chess.com"]
[Date "2020.12.29"]
[Round "8"]
[White "ftorodent"]
[Black "Vamostodorecto"]
[Result "1-0"]
[WhiteElo "2644"]
[BlackElo "2443"]
[TimeControl "180+1"]
[EndTime "11:26:34 PST"]
[Termination "ftorodent won by resignation"]

1. d4 Nf6 2. c4 g6 3. Nf3 Bg7 4. Nc3 d5 5. cxd5 Nxd5 6. Bg5 Nb6 7. e3 O-O 8. Be2 h6 9. Bh4 Be6 10. O-O N8d7 11. d5 Bg4 12. h3 Bxf3 13. Bxf3 Nc4 14.
Be2 Nxb2 15. Qb3 Nb6 16. Rac1 a5 17. Qxb2 Na4 18. Qb3 Nxc3 19. Rxc3 a4 20. Qc2 Bxc3 21. Qxc3 Qxd5 22. Bxe7 Rfe8 23. Bc4 Qc6 24. Bf6 Re4 25. Bh8 1-0

[Event "*** Titled Tuesday Blitz"]
[Site "Chess.com"]
[Date "2020.12.29"]
[Round "8"]
[White "K_A_S_T_O_R"]
[Black "Skatchkov_V"]
[Result "1-0"]
[WhiteElo "2800"]
[BlackElo "2512"]
[TimeControl "180+1"]
[EndTime "11:26:35 PST"]
[Termination "K_A_S_T_O_R won on time"]

1. e4 e5 2. Nf3 d5 3. exd5 e4 4. Qe2 Nf6 5. d3 Qxd5 6. Nbd2 Nc6 7. Nxe4 Be6 8. Nxf6+ gxf6 9. Qe4 Qc5 10. d4 Qd6 11.
c3 O-O-O 12. Bf4 Qd7 13. Bd3 Rg8 14. Bg3 f5 15. Qe2 Bh6 16. Bb5 f6 17. Kf1 Rde8 18.
Bc4 f4 19. Bh4 1-0

[Event "*** Titled Tuesday Blitz"]
[Site "Chess.com"]
[Date "2020.12.29"]
[Round "8"]
[White "Eternauta2400"]
[Black "Harsha_Bharathakoti"]
[Result "1-0"]
[WhiteElo "2506"]
[BlackElo "2800"]
[TimeControl "180+1"]
[EndTime "11:26:39 PST"]
[Termination "Eternauta2400 won by resignation"]

1. c4 f5 2. Nc3 Nf6 3. d4 g6 4. Bg5 Bg7 5. Qc2 d6 6. e3 Nbd7 7. Bd3 e5 8. f3 O-O 9. Nge2 c6 10. Rd1 Qe7 11. O-O h6 12. Bh4 Kh7 13. Kh1 Rf7 14. g4 e4 15. fxe4 fxg4 16. e5 dxe5 17. Bxg6+ Kg8 18.
Ng3 exd4 19. exd4 Rf8 20. Nf5 Qd8 21. Rde1 Nb6 22. Ne7+ Kh8 23. Bd3 Rf7 24. Ng6+ Kg8 25. Ne5 Be6 26. Nxf7 Bxf7 27. Qf2 Nbd7 28. Ne4 1-0